General information
- name: 2v2 obs
- type: Custom game
- host: TIMG4STRok
- saver: TIMG4STRok
map: TwistedMeadows
- players: 11
- length: 12:31
- speed: Fast
- version: 1.23 W3XP
- replay type:

» download(94 KB)
Players
team 1 (winner)

»
TIMG4STRok (
gray | 190 APM | 2384 actions | 12:31)
3 Blademaster
1 Wind Walk
2 Critical Strike
3 Shadow Hunter
1 Hex
2 Healing Wave
» actions
| Assign group hotkey | 25 | |
| Basic commands | 37 | |
| Build / train | 45 | |
| ESC pressed | 1 | |
| Enter build submenu | 12 | |
| Enter hero's abilities submenu | 6 | |
| Right click | 1198 | |
| Select / deselect | 207 | |
| Select group hotkey | 787 | |
| Use ability | 66 | |
2384 total
» units
| Peon | 9 | |
| Grunt | 6 | |
| Spirit Walker | 5 | |
| Raider | 6 | |
| Forest Troll Shadow Priest | 1 | |
27 total
» upgrades
| Berserker Strength | 1 | |
| Pillage | 1 | |
| Spirit Walker Training | 1 | |
| Ensnare | 1 | |
4 total
» buildings
| Altar of Storms | 1 | |
| Orc Burrow | 5 | |
| Barracks | 1 | |
| Stronghold | 1 | |
| Voodoo Lounge | 1 | |
| Beastiary | 1 | |
| Spirit Lodge | 1 | |
| War Mill | 1 | |
12 total
» build order
00:04 Altar of Storms
00:15 Orc Burrow
00:36 Barracks
01:29 Orc Burrow
02:52 Stronghold
03:02 Voodoo Lounge
04:22 Orc Burrow
05:14 Beastiary
05:22 Spirit Lodge
06:48 Orc Burrow
08:41 War Mill
11:41 Orc Burrow
» items
| Healing Salve | 2 | |
| Lesser Clarity Potion | 2 | |
| Boots of Speed | 1 | |
5 total

»
KNIFE]NOOBELF (
red | 110 APM | 1380 actions | 12:30)
5 Dark Ranger
3 Black Arrow
2 Silence
1 Beastmaster
1 Summon Quilbeast
» actions
| Assign group hotkey | 67 | |
| Basic commands | 3 | |
| Build / train | 37 | |
| ESC pressed | 1 | |
| Enter build submenu | 10 | |
| Enter hero's abilities submenu | 6 | |
| Right click | 766 | |
| Select / deselect | 185 | |
| Select group hotkey | 274 | |
| Use ability | 31 | |
1380 total
» units
» buildings
| Altar of Elders | 1 | |
| Moon Well | 4 | |
| Ancient of War | 2 | |
| Hunter's Hall | 1 | |
| Tree of Ages | 1 | |
9 total
» build order
00:19 Altar of Elders
00:33 Moon Well
01:03 Ancient of War
01:11 Ancient of War
01:51 Moon Well
03:41 Hunter's Hall
04:06 Moon Well
05:10 Tree of Ages
06:57 Moon Well
» items
| Dust of Appearance | 1 | |
| Scroll of Town Portal | 2 | |
3 total
team 2 (loser)

»
SDFWESDER (
teal | 174 APM | 1683 actions | 09:39)
2 Blademaster
1 Wind Walk
1 Critical Strike
2 Shadow Hunter
1 Hex
1 Healing Wave
» actions
| Assign group hotkey | 179 | |
| Basic commands | 7 | |
| Build / train | 41 | |
| ESC pressed | 4 | |
| Enter build submenu | 14 | |
| Enter hero's abilities submenu | 4 | |
| Right click | 764 | |
| Select / deselect | 159 | |
| Select group hotkey | 456 | |
| Use ability | 55 | |
1683 total
» units
| Peon | 13 | |
| Grunt | 4 | |
| Raider | 1 | |
| Spirit Walker | 2 | |
20 total
» upgrades
» buildings
| Altar of Storms | 1 | |
| Orc Burrow | 4 | |
| Barracks | 1 | |
| Voodoo Lounge | 3 | |
| Stronghold | 3 | |
| Beastiary | 1 | |
| Spirit Lodge | 1 | |
14 total
» build order
00:07 Altar of Storms
00:19 Orc Burrow
00:34 Barracks
01:47 Orc Burrow
01:53 Voodoo Lounge
02:56 Voodoo Lounge
03:21 Stronghold
03:21 Stronghold
04:46 Orc Burrow
06:12 Beastiary
06:13 Spirit Lodge
06:56 Voodoo Lounge
06:58 Orc Burrow
» items
| Healing Salve | 3 | |
| Lesser Clarity Potion | 1 | |
| Boots of Speed | 1 | |
5 total
Nithala (
brown | 157 APM | 1970 actions | 12:30)
5 Death Knight
3 Death Coil
2 Unholy Aura
3 Lich
2 Frost Nova
1 Dark Ritual
» actions
| Assign group hotkey | 44 | |
| Basic commands | 90 | |
| Build / train | 67 | |
| ESC pressed | 3 | |
| Enter build submenu | 14 | |
| Enter hero's abilities submenu | 8 | |
| Give item / drop item | 2 | |
| Right click | 793 | |
| Select / deselect | 322 | |
| Select group hotkey | 527 | |
| Use ability | 100 | |
1970 total
» units
| Acolyte | 7 | |
| Ghoul | 5 | |
| Crypt Fiend | 14 | |
| Grunt | 2 | |
| Raider | 2 | |
| Shaman | 1 | |
| Spirit Walker | 1 | |
| Obsidian Statue | 1 | |
33 total
» upgrades
| Creature Attack | 1 | |
| Burrow | 1 | |
| Berserker Strength | 1 | |
| Spirit Walker Training | 1 | |
4 total
» buildings
| Graveyard | 1 | |
| Crypt | 3 | |
| Altar of Darkness | 1 | |
| Ziggurat | 4 | |
| Tomb of Relics | 1 | |
| Halls of the Dead | 1 | |
| Nerubian Tower | 1 | |
| Slaughterhouse | 1 | |
| Black Citadel | 5 | |
| Altar of Storms | 1 | |
| Spirit Tower | 3 | |
| Voodoo Lounge | 1 | |
23 total
» build order
00:04 Graveyard
00:05 Crypt
00:09 Crypt
00:09 Crypt
00:39 Altar of Darkness
00:55 Ziggurat
01:25 Tomb of Relics
02:00 Ziggurat
04:21 Halls of the Dead
04:23 Ziggurat
05:41 Nerubian Tower
06:14 Ziggurat
06:50 Slaughterhouse
07:44 Black Citadel
07:44 Black Citadel
07:44 Black Citadel
07:45 Black Citadel
10:04 Altar of Storms
10:31 Spirit Tower
10:32 Spirit Tower
10:56 Spirit Tower
11:28 Voodoo Lounge
» items
| Rod of Necromancy | 3 | |
| Dust of Appearance | 2 | |
| Scroll of Town Portal | 1 | |
6 total
observersBOLI,
All-X,
SMERB.COM.COM,
Allies_Of_Night,
iNt]WhAtItDoSoN,
LoseControL.,
bananaman. Chat log
(00:00) SDFWESDER: L
(00:15 / All) SDFWESDER: GL BROS
(00:16 / Allies) KNIFE]NOOBELF: going dr
(00:18 / All) TIMG4STRok: gl ds
(00:27 / Allies) TIMG4STRok: going mega orc
(00:36 / Allies) KNIFE]NOOBELF: fuck
(00:39 / Allies) KNIFE]NOOBELF: i messed up build
(00:46 / Allies) TIMG4STRok: orc my only race i can consistently do 230+ apm
(00:48 / Allies) TIMG4STRok: so here we go
(00:56 / Allies) KNIFE]NOOBELF: 100g if u can
(00:59 / Allies) TIMG4STRok: nope
(01:05 / Allies) TIMG4STRok: orc needs gold the most are you kidding
(01:21 / All) SDFWESDER: races?
(01:25 / All) TIMG4STRok: ud ne
(01:29 / All) SDFWESDER: lol!
(01:36 / All) Nithala: so i guess it means hu orc?
(01:42 / All) TIMG4STRok: orc el
(01:43 / All) TIMG4STRok: f
(01:43 / All) KNIFE]NOOBELF: double hu
(01:53 / All) TIMG4STRok: i got orc, gg
(02:15 / All) SDFWESDER: grunt and blade at same time
(02:16 / All) SDFWESDER: im pro
(02:30 / All) TIMG4STRok: nice early shop, not
(02:39 / All) SDFWESDER: hey dood
(03:15 / All) SDFWESDER: not black and decka but its black i betcha
(03:18 / All) SDFWESDER: NO NOT MY DICK
(03:39 / All) SDFWESDER: uh oh
(03:49 / All) SDFWESDER: pr0
(05:39 / All) SDFWESDER: tits
(06:05 / All) SDFWESDER: AHHH
(06:06 / Allies) TIMG4STRok: cancel his beastiary
(06:35 / Allies) TIMG4STRok: b
(07:11 / All) SDFWESDER: i need that fucking shop you cunt
(09:20 / All) SDFWESDER: great
(09:39 / All) SDFWESDER: rmk- fox
(12:29 / All) Nithala: gege